 Dungeon Crawl Stone Soup version 0.29.0-11-gd7f09526c8 (webtiles) character file.

Game seed: 15384403535916753668

630 styxcanada the Covert (level 7, -1/35 HPs)
             Began as a Spriggan Brigand on Sept 4, 2022.
             Was an Initiate of Gozag.
             Slain by a gnoll
             ... wielding a +2 dagger of chaos
              (17 damage)
             ... on level 5 of the Dungeon.
             The game lasted 00:19:42 (5671 turns).

styxcanada the Covert (Spriggan Brigand)            Turns: 5671, Time: 00:19:43

Health: -1/35      AC:  2    Str:  7    XL:     7   Next: 24%
Magic:  8/8        EV: 19    Int: 13    God:    Gozag
Gold:   253        SH:  0    Dex: 18    Spells: 6/6 levels left

rFire   + . .      SeeInvis +   a - +2 dagger
rCold   + . .      Faith    .   (no shield)
rNeg    . . .      Spirit   .   b - +0 robe
rPois   .          Reflect  .   (helmet restricted)
rElec   .          Harm     .   q - scarf {rC+ rF+}
rCorr   .          Rampage  .   (gloves unavailable)
Will    +....                   (boots unavailable)
Stlth   ++++......              j - amulet of the acrobat
HPRegen 0.11/turn               (no ring)
MPRegen 0.11/turn               (no ring)

@: gold aura, very quick
A: very small, no large weapons, unfitting armour, see invisible, speed 3
a: Renounce Religion, Potion Petition, Call Merchant, Bribe Branch


You were on level 5 of the Dungeon.
You worshipped Gozag.
Gozag was aware of your devotion.
You visited 2 branches of the dungeon, and saw 6 of its levels.

You collected 414 gold pieces.
You spent 60 gold pieces at shops.
You paid 101 gold pieces to Gozag.

Inventory:

Hand Weapons
 a - a +2 dagger (weapon)
 m - a +0 mace of draining
Missiles
 e - 2 curare-tipped darts
 f - 74 stones
 o - 6 boomerangs
 v - 2 poisoned darts (quivered)
Armour
 b - a +0 robe (worn)
 c - a +0 cloak
 q - a scarf of resistance (worn)
Jewellery
 j - an amulet of the acrobat (around neck)
Wands
 s - a wand of mindburst (17)
 w - a wand of flame (20)
Scrolls
 i - a scroll of magic mapping
 k - a scroll of poison {unknown}
 l - a scroll of fear {unknown}
 p - 2 scrolls of blinking {unknown}
Potions
 d - a potion of haste {unknown}
 g - 2 potions of flight
 h - 5 potions of curing
 n - 2 potions of lignification {unknown}
 r - a potion of resistance {unknown}
 t - a potion of heal wounds {unknown}
 u - a potion of berserk rage {unknown}


   Skills:
 * Level 2.9 Fighting
 + Level 4.2 Short Blades
 + Level 3.4 Throwing
 * Level 3.9 Dodging
 * Level 9.6 Stealth


You had 6 spell levels left.
You didn't know any spells.
Your spell library contained the following spells:

 Spells                   Type           Power      Damage    Failure   Level
 Summon Small Mammal      Summ           0%         N/A       30%         1
 Poisonous Vapours        Pois/Air       0%         N/A       43%         2
 Call Canine Familiar     Summ           0%         N/A       67%         3
 Summon Guardian Golem    Hex/Summ       0%         N/A       67%         3
 Corpse Rot               Necr/Pois/Air  Unusable   N/A       N/A         4

Dungeon Overview and Level Annotations

Branches:
Dungeon (5/15)             Temple (1/1) D:5

Altars:
Ashenzari
Cheibriados
Dithmenos
Gozag
Kikubaaqudgha
Makhleb
Nemelex Xobeh
Okawaru
Qazlal
Ru
Trog
Uskayaw
Vehumet

Shops:
D:1 :   D:5 !


Innate Abilities, Weirdness & Mutations

You are very small and have problems with some larger weapons.
You are too small for most types of armour.
You have supernaturally acute eyesight. (SInv)
You cover ground extremely quickly. (Speed+++)


Message History

The orc is no longer distracted by gold.
The orc completely misses you.
You hit the orc.
The orc is almost dead.
The orc misses you.
The orc hits you from afar with a +1 spear of chaos.
Space warps around you.
You hit the orc.
You kill the orc!
The orc closely misses you.
Found 4 gold pieces.
Things that are here:
15 gold pieces; a +2 dagger of chaos; a +1 spear of chaos You hit the orc.
The orc is moderately wounded.
The orc hits you with a +1 spear of chaos.
You closely miss the orc.
The orc is moderately wounded.
The orc misses you. The gnoll misses you.
You closely miss the orc.
The orc is moderately wounded.
The gnoll barely misses you.
The orc hits you with a +1 spear of chaos.
Things that are here:
5 gold pieces; a +0 whip The orc is distracted by your dazzling golden aura.
The orc shouts!
You hit the gnoll.
The gnoll is lightly wounded.
You hear a shout!
The gnoll completely misses you.
You closely miss the gnoll.
The gnoll is lightly wounded.
The gnoll closely misses you.
You completely miss the gnoll.
The gnoll is lightly wounded.
The gnoll hits you with a +2 dagger of chaos.
You are electrocuted!
You die...
Your body crumbles into a pile of gold.

..#+##.# #.#.#
# # .. ###.# #
#. ~.# #.# #
.###.~~ #.# #
~.#~... #.#
⌠.#..~# #.# #.#
.....~~ #.#
#####.####g.~#
#.#
#.....#.@go#
#.#
#.......##~.#
#.### #....##.#
~..# #.)..
#....##.# ~.#~.
#.### #....##.#
~.$### #..#<
#.......# ~≈##
# #..#.
#.....#.####.#~
##....
###.....###.#
~... ##.....
#)..........#
##......


You could see 2 gnolls and an orc.

Vanquished Creatures
  3 ogres
  A scorpion (D:4)
  A howler monkey (D:5)
  2 hounds (D:4)
  An iguana (D:4)
  5 adders
  4 gnolls (D:5)
  3 worms
  3 dart slugs
  10 orcs
  5 endoplasms
  4 giant cockroaches
  6 hobgoblins
  7 jackals
  2 quokkas (D:1)
  11 ball pythons
  3 bats
  4 frilled lizards
  9 goblins
  5 kobolds
  7 rats
96 creatures vanquished.

Notes
Turn   | Place    | Note
-------+----------+-------------------------------------------
     0 | D:1      | styxcanada the Spriggan Brigand began the quest for the
                  | Orb.
     0 | D:1      | Reached XP level 1. HP: 10/10 MP: 2/2
   182 | D:1      | Reached skill level 6 in Stealth
   351 | D:1      | Found Ajiy's Book Boutique.
   590 | D:1      | Reached XP level 2. HP: 15/15 MP: 3/3
   993 | D:1      | Reached XP level 3. HP: 11/18 MP: 4/4
  1563 | D:2      | Reached skill level 7 in Stealth
  1698 | D:2      | Found a faded altar of an unknown god.
  2015 | D:2      | Reached XP level 4. HP: 23/23 MP: 5/5
  3195 | D:3      | Found an iron altar of Okawaru.
  3267 | D:3      | Found a radiant altar of Vehumet.
  4061 | D:4      | Noticed a scorpion
  4064 | D:4      | Reached XP level 5. HP: 26/26 MP: 6/6
  4125 | D:4      | Reached skill level 8 in Stealth
  4138 | D:4      | Found a broken altar of Ashenzari.
  4544 | D:4      | Noticed an ogre
  4558 | D:4      | Killed an ogre
  4559 | D:4      | Reached XP level 6. HP: 32/32 MP: 7/7
  4926 | D:5      | Entered Level 5 of the Dungeon
  5068 | D:5      | Found a staircase to the Ecumenical Temple.
  5068 | D:5      | Found a sacrificial altar of Ru.
  5094 | Temple   | Entered the Ecumenical Temple
  5177 | Temple   | Became a worshipper of Gozag Ym Sagoz the Greedy
  5222 | D:5      | Reached skill level 9 in Stealth
  5270 | D:5      | Found Bennam's Distillery.
  5293 | D:5      | Reached XP level 7. HP: 34/35 MP: 8/8
  5331 | D:5      | Bought 2 potions of curing for 60 gold pieces
  5671 | D:5      | Slain by a gnoll

Illustrated notes

Levels and vault maps discovered:
D:1:      minmay_arrival_shattered_statue, layout_basic, serial_shops,
          nicolae_shop_behind_doors, minmay_tetromino_t2
D:2:      layout_basic, hellmonk_ecumenical_altar_crossroads,
          guppyfry_early_orc_mine
D:3:      layout_loops_ring, general_overflow_altar, overflow_temple_1_default
D:4:      layout_basic, mainiacjoe_overflow_catwalk
D:5:      layout_basic, nicolae_ru_awakened_eye, tgw_xom,
          minmay_temple_entry_trees, serial_shops, shop,
          kennysheep_generic_room_5
Temple:   hellmonk_temple_forest_ring

Skill      XL: |  1  2  3  4  5  6 |
---------------+-------------------+-----
Stealth        | 6 7 8 9 |  9.6
Dodging        | 2 3 |  3.9
Fighting       | 2 |  2.9
Short Blades   | 3 4 |  4.2
Throwing       | 3 |  3.4

Action                   |  1- 3 |  4- 6 |  7- 9 || total
-------------------------+-------+-------+-------++-------
Melee: Dagger            |    98 |   111 |    26 ||   235
       Punch             |     1 |       |       ||     1
Throw: Dart              |    14 |    45 |     7 ||    66
       Stone             |       |       |     4 ||     4
Evoke: Wand              |       |       |     2 ||     2
  Use: Scroll            |       |     9 |       ||     9
 Stab: Sleeping          |    13 |     9 |     1 ||    23
       Distracted        |     1 |     2 |       ||     3
Armor: Robe              |     9 |     3 |     1 ||    13
Dodge: Dodged            |    63 |    71 |    21 ||   155
